 Seeded DCSS version 0.28-a0-1429-gf3d713df7a (webtiles) character file.

Game seed: 901417003039931360 (custom seed)

7 flotson the Chopper (level 1, 17/17 HPs)
             Began as a Palentonga Gladiator on Jan 8, 2022.
             Quit the game on level 1 of the Dungeon.
             The game lasted 00:00:12 (297 turns).

flotson the Chopper (Palentonga Gladiator)           Turns: 297, Time: 00:00:13

Health: 17/17      AC:  5    Str: 17    XL:     1   Next: 91%
Magic:  1/1        EV: 10    Int:  8    God:
Gold:   0          SH:  0    Dex: 11    Spells: 0/0 levels left

rFire   . . .      SeeInvis +   a - +0 war axe
rCold   . . .      Faith    .   (no shield)
rNeg    . . .      Spirit   .   b - +0 leather armour
rPois   .          Reflect  .   c - +0 helmet
rElec   .          Harm     .   (no cloak)
rCorr   .          Rampage  .   (no gloves)
Will    .....                   (no barding)
Stlth   +.........              (no amulet)
HPRegen 0.05/turn               (no ring)
MPRegen 0.07/turn               (no ring)

@: no status effects
A: large, rugged brown scales 3, see invisible, deformed body, roll 1, armoured
tail
a: Rolling Charge


You were on level 1 of the Dungeon.
You visited 1 branch of the dungeon, and saw 1 of its levels.

Inventory:

Hand Weapons
 a - a +0 war axe (weapon)
Missiles
 d - 3 throwing nets (quivered)
Armour
 b - a +0 leather armour (worn)
 c - a +0 helmet (worn)


   Skills:
 + Level 2.1 Fighting
 + Level 3.1 Axes
 + Level 1.5 Throwing
 + Level 0.3 Armour
 + Level 2.5 Dodging


You couldn't memorise any spells.
You didn't know any spells.
Your spell library was empty.

Dungeon Overview and Level Annotations

Branches:
Dungeon (1/15)

Altars:


Innate Abilities, Weirdness & Mutations

You are completely covered in rugged brown scales. (AC +3, +7% HP)
You have supernaturally acute eyesight. (SInv)
Armour fits poorly on your strangely shaped body.
You can roll at nearby foes to attack.
You have a long armoured tail.


Message History

You hit the hobgoblin.
A ball python comes into view.
The hobgoblin barely misses you. The kobold barely misses you.
The hobgoblin hits you but does no damage.
You closely miss the hobgoblin.
The hobgoblin is almost dead.
You closely miss the kobold. The kobold hits you but does no damage.
The hobgoblin completely misses you.
The ball python hisses angrily.
You hit the hobgoblin.
You kill the hobgoblin!
You closely miss the kobold.
The kobold hits you with a +0 short sword. x2
You are too injured to fight recklessly!
You are too injured to fight recklessly!
You are too injured to fight recklessly!
You are too injured to fight recklessly!
You are too injured to fight recklessly!
You are too injured to fight recklessly!
You are too injured to fight recklessly!
Unknown command.
You slash the kobold!
You kill the kobold!
The hobgoblin hits you.
* * * LOW HITPOINT WARNING * * *
You slash the hobgoblin!
You kill the hobgoblin!
You slash the goblin!
You kill the goblin!
The ball python bites you.
* * * LOW HITPOINT WARNING * * *
You hit the ball python.
The ball python is moderately wounded.
The ball python bites you but does no damage.
The ball python barely misses you.
You slash the ball python!
You kill the ball python!
HP restored.
Items here: )) รทรทรทรท.
Are you sure you want to abandon this character and quit the game? (Confirm with "yes".)

........# .......#
......# #.....# ..
. #.....# ...
#.#+#.....##...
#.......#......
+....##@#......
#.......?....# .
..........#####.
#.#.#.#.#.........
#.#.#.#....##....
.#...#.......#....
.......#.#.#.# ...
.......#####.# ..
.............#


There were no monsters in sight!

Vanquished Creatures
  A ball python (D:1)
  A goblin (D:1)
  3 hobgoblins (D:1)
  A kobold (D:1)
6 creatures vanquished.

Notes
Turn   | Place    | Note
-------+----------+-------------------------------------------
     0 | D:1      | flotson the Palentonga Gladiator began the quest for the
                  | Orb.
     0 | D:1      | Reached XP level 1. HP: 17/17 MP: 1/1
   297 | D:1      | Quit the game

Illustrated notes

Levels and vault maps discovered:
D:1:      psy_arrival_basics, layout_basic, ebering_ecumenical_altar_sacrificial

Action                   || total
-------------------------++-------
Melee: War axe           ||    10
Armor: Leather armour    ||     5
Dodge: Dodged            ||     4

Table legend: (Time is in decaauts)
 A = Elapsed time spent in this place.
 B = Non-inter-level travel time spent in this place.
 C = Inter-level travel time spent in this place.
 D = Time resting spent in this place.
 E = Time spent auto-exploring this place.
 F = Levels seen in this place.
 G = Mean time per level.
                   A        B        C        D        E       F      G
               +--------+--------+--------+--------+--------+-----+--------+
         Total |    300 |    300 |      0 |      0 |    282 |   1 |  300.0 |
       Dungeon |    300 |    300 |      0 |      0 |    282 |   1 |  300.0 |
               +--------+--------+--------+--------+--------+-----+--------+

Top non-repeatable levels by time:
     D:1: 300 daAuts
